 Dungeon Crawl Stone Soup version 0.25-a0-842-g81a31cfd23 (webtiles) character file.

Game seed: 1211786843235495128, levelgen mode: deterministic

201 wullow the Shield-Bearer (level 5, -20/42 HPs)
             Began as a Demonspawn Fighter on Apr 24, 2020.
             Demolished by an ogre
             ... wielding a +0 giant club
              (27 damage)
             ... on level 4 of the Dungeon.
             The game lasted 00:04:39 (2503 turns).

wullow the Shield-Bearer (Demonspawn Fighter)       Turns: 2503, Time: 00:04:40

Health: -20/42     AC:  6    Str: 16    XL:     5   Next: 50%
Magic:  5/5        EV:  7    Int: 10    God:
Gold:   89         SH:  9    Dex: 13    Spells: 4/4 levels left

rFire    . . .     SeeInvis .   a - +1 rapier
rCold    + . .     Gourm    .   c - +0 kite shield
rNeg     . . .     Faith    .   b - +0 scale mail
rPois    .         Spirit   .   (no helmet)
rElec    .         Reflect  .   (no cloak)
rCorr    .         Harm     .   (no gloves)
MR       .....                  (no boots)
Stlth    ..........             (no amulet)
HPRegen  0.14/turn              (no ring)
MPRegen  0.09/turn              (no ring)

@: no status effects
A: talons 1, cold resistance 1, freezing cloud immunity
a: no special abilities


You were on level 4 of the Dungeon.
You were not hungry.

You visited 1 branch of the dungeon, and saw 4 of its levels.

You collected 89 gold pieces.

Inventory:

Hand Weapons
 a - a +1 rapier (weapon)
 p - a +1 dagger of draining
Missiles
 e - 13 sling bullets
 j - 46 poisoned darts (quivered)
 l - 152 stones
 n - 23 arrows
 s - 7 curare-tipped darts
Armour
 b - a +0 scale mail (worn)
 c - a +0 kite shield (worn)
Scrolls
 g - 2 scrolls of blinking
 k - a scroll of immolation
 r - 2 scrolls of random uselessness {unknown}
 t - a scroll of remove curse
 v - a scroll of enchant weapon
Potions
 d - a potion of might
 h - 2 potions of invisibility
 i - a potion of lignification {unknown}
 m - a potion of heal wounds {unknown}
 o - 2 potions of mutation
 q - 2 potions of curing {unknown}
 u - a potion of brilliance {unknown}
Comestibles
 f - 6 rations


   Skills:
 + Level 3.8 Fighting
 * Level 3.5 Short Blades
 - Level 3.0 Armour
 * Level 4.0 Shields


You had 4 spell levels left.
You didn't know any spells.
Your spell library was empty.

Dungeon Overview and Level Annotations

Branches:
Dungeon (4/15)
 Temple: D:4-7

Altars:
Cheibriados
Makhleb
Uskayaw
Vehumet


Innate Abilities, Weirdness & Mutations

You have sharp toenails.
Your flesh is cold resistant. (rC+)
You are immune to freezing clouds.


Message History

l - 152 stones (gained 9)
An ogre comes into view. It is wielding a +0 giant club.
The ogre shouts!
A giant cockroach comes into view.
Found 17 gold pieces.
Found an escape hatch in the floor.
Found a stone staircase leading down.
Your shield prevents you from hitting the ogre.
You claw the ogre.
The ogre is lightly wounded.
The ogre hits you with a +0 giant club!
You hit the ogre. You claw the ogre.
The ogre is moderately wounded.
The ogre hits you with a +0 giant club!!
Ouch! That really hurt!
* * * LOW HITPOINT WARNING * * *
You are too injured to fight recklessly!
You are too injured to fight recklessly!
The ogre hits you with a +0 giant club!!
Ouch! That really hurt!
You die...

# #....###..#
#..#.......##>.##. #
#...#.#..#####.######.###.##..
####..........##..#####...
#..##. #.##.##.#.....##..
.$.#... ....#.
#....#####....##.#
......>..#.... ......#
#.......# ......#.. ...
......# ##.###..# .....
.....## #...#...##..#
.#....#####.....@#..##...
##.......##......Os.......
####......#.........##....
........#........##....###
##..#####..##..### ...##
#....# ##.####. ...# ##...# #.
.. ...# .....# .# .>.# #....#
## .#


You could see an ogre and a giant cockroach.

Vanquished Creatures
  A scorpion (D:4)
  A worker ant (D:4)
  A hound skeleton (D:4)
  A gnoll (D:1)
  3 adders
  An ooze (D:4)
  A worm (D:2)
  9 dart slugs
  3 leopard geckos (D:1)
  An orc (D:3)
  3 bats
  6 goblins
  9 hobgoblins
  A quokka (D:2)
  2 frilled lizards
  A jackal skeleton (D:4)
  9 kobolds
  4 rats
57 creatures vanquished.

Notes
Turn   | Place    | Note
-------+----------+-------------------------------------------
     0 | D:1      | wullow the Demonspawn Fighter began the quest for the Orb.
     0 | D:1      | Reached XP level 1. HP: 18/18 MP: 1/1
    93 | D:1      | Gained mutation: Your flesh is cold resistant. (rC+)
                  | [demonic ancestry]
    93 | D:1      | Reached XP level 2. HP: 6/24 MP: 2/2
   343 | D:1      | Reached skill level 3 in Shields
   438 | D:1      | Gained mutation: You have sharp toenails. [demonic
                  | ancestry]
   438 | D:1      | Reached XP level 3. HP: 16/29 MP: 3/3
  1297 | D:2      | Reached XP level 4. HP: 23/35 MP: 4/4
  2089 | D:4      | Found a snail-covered altar of Cheibriados.
  2090 | D:4      | Found a burning altar of Makhleb.
  2090 | D:4      | Found a radiant altar of Vehumet.
  2124 | D:4      | Gained mutation: You are immune to freezing clouds.
                  | [demonic ancestry]
  2124 | D:4      | Reached XP level 5. HP: 34/42 MP: 5/5
  2159 | D:4      | Reached skill level 4 in Shields
  2416 | D:4      | Found a hide-covered altar of Uskayaw.
  2496 | D:4      | Noticed an ogre
  2503 | D:4      | Demolished by an ogre

Levels and vault maps discovered:
D:1:      minmay_arrival_three_doors, layout_basic
D:2:      layout_basic, first_ration, minmay_misc_feat_more_columns
D:3:      layout_rooms, serial_rivers, chequers_serial_rivers_micro_b,
          chequers_serial_rivers_micro_d, chequers_serial_rivers_micro_c,
          chequers_serial_rivers_room_a, chequers_serial_rivers_marsh
D:4:      layout_cave_pools, grunt_temple_overflow_open,
          minmay_hollow_rounded_squares

Skill      XL: |  1  2  3  4  5 |
---------------+----------------+-----
Short Blades   | 2 3 |  3.5
Shields        | 3 4 |  4.0
Armour         | 3 |  3.0
Fighting       | |  3.8

Action                   |  1- 3 |  4- 6 || total
-------------------------+-------+-------++-------
Melee: Rapier            |   130 |    60 ||   190
       Kick              |    26 |    16 ||    42
  Use: Scroll            |       |     6 ||     6
  Eat: Chunk             |     1 |     4 ||     5
Armor: Scale mail        |    55 |    17 ||    72
Dodge: Dodged            |    36 |    14 ||    50
Block: Kite shield       |    66 |    27 ||    93

Table legend:
 A = Non-vault XP
 B = Vault XP
 C = Vault XP percentage of total XP
 D = Non-vault monster count
 E = Vault monster count
 F = Vault count percentage of total count
                 A         B        C        D         E       F
            +---------+---------+-------+---------+---------+-------
      Total |     288 |       0 |   0.0 |      57 |       0 |   0.0
            +---------+---------+-------+---------+---------+-------
        D:1 |      69 |       0 |   0.0 |      26 |       0 |   0.0
        D:2 |      44 |       0 |   0.0 |      15 |       0 |   0.0
        D:3 |      31 |       0 |   0.0 |      10 |       0 |   0.0
        D:4 |     144 |       0 |   0.0 |       6 |       0 |   0.0
            +---------+---------+-------+---------+---------+-------
